 Dungeon Crawl Stone Soup version 0.30-b1-2-g02819fbbbe (webtiles) character file.

Game seed: 10850265627953303361

429485 sanka the Middleweight Champion (level 22, -8/223 (228) HPs)
             Began as a White Draconian Cinder Acolyte on May 5, 2023.
             Was a Priest of Ignis.
             Killed by divine providence
             ... invoked by a deep elf high priest
              (12 damage)
             ... on level 5 of the Vaults.
             The game lasted 02:12:37 (66271 turns).

sanka the Middleweight Champion (DrCA)             Turns: 66271, Time: 02:12:37

HP:   -8/223 (228)  AC: 30    Str: 19    XL:     22   Next: 81%
MP:   29/29         EV: 31    Int: 24    God:    Ignis [***...]
Gold: 2389          SH:  0    Dex: 16    Spells: 0/31 levels left

rFire   + . .        T - +7 trident "Kaclemat" {pain, Drain Will+ Int+5 SInv, !a}
rCold   + . .        (no shield)
rNeg    . . .        (body armour unavailable)
rPois   .            M - +2 hat
rElec   .            i - +2 cloak
rCorr   +            w - +2 pair of gloves
SInv    +            A - +2 pair of boots {Stlth+}
Will    ++...        Z - amulet of the acrobat
Stlth   ++           m - +4 ring of protection
HPRegen 0.57/turn    C - ring of Moral Flaws {rCorr AC+4 Dex+5}
MPRegen 0.21/turn

%: acrobat
@: mighty, marked, acrobatic, lightly drained
A: breathe frost, AC +11, unfitting armour, cold resistance 1, cold-blooded,
MP-powered wands
}: 2/15 runes: decaying, serpentine
a: Breathe Frost, Renounce Religion, Fiery Armour, Foxfire Swarm, Rising Flame


You were on level 5 of the Vaults.
You worshipped Ignis.
Ignis was most pleased with you.
You visited 8 branches of the dungeon, and saw 40 of its levels.
You visited the Abyss 1 time.
You also visited: Bailey.

You collected 7883 gold pieces.
You spent 5494 gold pieces at shops.

Inventory:

Hand Weapons
 R - a +0 dagger of distortion
 T - the +7 trident "Kaclemat" (weapon) {pain, Drain Will+ Int+5 SInv, !a}
   (You found it on level 2 of the Swamp)

   Int:       It affects your intelligence (+5).
   SInv:      It lets you see invisible.
   Drain:     It drains your maximum health when unequipped.
   Will:      It increases your willpower.
Missiles
 t - 5 throwing nets {=f}
 S - 9 curare-tipped darts {=f}
Armour
 i - a +2 cloak (worn)
 o - a scarf of resistance
 w - a +2 pair of gloves (worn)
 A - a +2 pair of boots of stealth (worn)
 M - a +2 hat (worn)
Jewellery
 m - a +4 ring of protection (left hand)
 C - the ring of Moral Flaws (right hand) {rCorr AC+4 Dex+5}
   (You bought it in a shop on level 15 of the Dungeon)

   [ring of protection]

   AC:        It affects your AC (+4).
   Dex:       It affects your dexterity (+5).
   rCorr:     It protects you from acid and corrosion.
 J - an amulet of guardian spirit
 O - a ring of see invisible
 P - a ring of fire
 W - the amulet of the Dragon {Faith +Inv rElec rN+ Dex+2}
   (You found it on level 3 of the Snake Pit)

   [amulet of faith]

   It allows you to gain divine favour quickly.
   Dex:       It affects your dexterity (+2).
   rElec:     It insulates you from electricity.
   rN:        It protects you from negative energy.
   +Inv:      It lets you turn invisible.
 Z - an amulet of the acrobat (around neck)
Wands
 e - a wand of iceblast (40)
 l - a wand of polymorph (44)
 n - a wand of charming (7)
 K - a wand of digging (28)
 Q - a wand of acid (27)
 U - a wand of mindburst (19)
 Y - a wand of flame (38)
Scrolls
 r - 11 scrolls of vulnerability {!r}
 s - 6 scrolls of blinking
 u - 3 scrolls of silence {!r}
 x - 4 scrolls of torment {!r}
 y - 6 scrolls of fear
 B - 5 scrolls of noise {!r}
 D - 6 scrolls of magic mapping
 E - 10 scrolls of poison {!r}
 G - 13 scrolls of teleportation {@r4}
 I - 10 scrolls of enchant armour
 L - 8 scrolls of immolation {!r}
 N - 5 scrolls of amnesia
 V - 3 scrolls of fog
 X - 12 scrolls of identify {@r1}
Potions
 a - 5 potions of flight
 b - 6 potions of mutation {!q}
 c - 8 potions of heal wounds {@q2}
 d - 20 potions of haste {@q3}
 f - 9 potions of might
 g - 17 potions of curing {@q1}
 h - a potion of magic
 j - 6 potions of brilliance
 k - 3 potions of ambrosia
 p - 12 potions of attraction {!q}
 q - 6 potions of resistance
 v - 4 potions of cancellation
 z - 4 potions of berserk rage {!q}
 F - a potion of invisibility
 H - 10 potions of lignification {!q}


   Skills:
 + Level 26.1 Fighting
 - Level 8.0 Dodging
 O Level 27 Unarmed Combat
 - Level 5.0 Spellcasting
 - Level 4.0 Conjurations
 - Level 20.0 Transmutations
 - Level 4.1 Fire Magic
 - Level 5.0 Ice Magic


You couldn't memorise any spells.
You knew the following spells:

 Your Spells              Type           Power      Damage    Failure   Level
a - Scorch                Fire           50%        2d7       2%          2
b - Dragon Form           Tmut           40%        N/A       1%          7
c - Ice Form              Ice/Tmut       60%        N/A       1%          4
d - Irradiate             Conj/Tmut      29%        3d21      1%          5
e - Blade Hands           Tmut           40%        N/A       1%          5
f - Passwall              Tmut/Erth      43%        N/A       1%          2
g - Wereblood             Tmut           80%        N/A       0%          2
h - Petrify               Tmut/Erth      52%        N/A       1%          4

Your spell library contained the following spells:

 Spells                   Type           Power      Damage    Failure   Level
 Magic Dart               Conj           100%       1d8       1%          1
 Sting                    Tmut/Pois      100%       1d8       1%          1
 Searing Ray              Conj           50%        2d6       2%          2
 Frozen Ramparts          Ice            60%        1d10      3%          3
 Hailstorm                Conj/Ice       27%        3d7       4%          3
 Alistair's Intoxication  Tmut/Pois      34%        N/A       4%          5
 Momentum Strike          Conj/Tloc      30%        3d8       6%          2
 Apportation              Tloc           12%        N/A       9%          1
 Necrotise                Necr           24%        1d5       9%          1
 Sandblast                Erth           12%        2d6       9%          1
 Stone Arrow              Conj/Erth      30%        3d8       12%         3
 Blink                    Tloc           12%        N/A       13%         2
 Lesser Beckoning         Tloc           12%        N/A       13%         2
 Poisonous Vapours        Pois/Air       12%        N/A       13%         2
 Sublimation of Blood     Necr           6%         N/A       13%         2
 Mephitic Cloud           Conj/Pois/Air  12%        N/A       16%         3
 Statue Form              Tmut/Erth      34%        N/A       22%         6
 Gell's Gravitas          Tloc           6%         N/A       26%         3
 Teleport Other           Tloc           6%         N/A       26%         3
 Vampiric Draining        Necr           6%         2d6       26%         3
 Summon Ice Beast         Ice/Summ       18%        N/A       30%         4
 Fulminant Prism          Conj/Hex       7%         3d7       36%         4
 Iskenderun's Mystic Bla  Conj/Tloc      15%        2d5       36%         4
 Fireball                 Conj/Fire      12%        3d7       43%         5
 Iskenderun's Battlesphe  Conj           25%        2d8       43%         5
 Freezing Cloud           Conj/Ice/Air   10%        6-21      56%         5
 Animate Dead             Necr           6%         N/A       65%         4
 Cause Fear               Hex            3%         N/A       65%         4
 Manifold Assault         Tloc           6%         N/A       65%         4
 Olgreb's Toxic Radiance  Pois           6%         N/A       65%         4
 Summon Lightning Spire   Summ/Air       6%         N/A       65%         4
 Metabolic Englaciation   Hex/Ice        9%         N/A       65%         5
 Storm Form               Tmut/Air       26%        N/A       77%         7
 Agony                    Necr           6%         N/A       94%         5
 Borgnjor's Vile Clutch   Necr/Erth      3%         N/A       94%         5
 Summon Mana Viper        Hex/Summ       6%         N/A       94%         5
 Conjure Ball Lightning   Conj/Air       7%         3x3d6     99%         6
 Iron Shot                Conj/Erth      7%         9d2       99%         6
 Simulacrum               Ice/Necr       9%         N/A       99%         6
 Death Channel            Necr           3%         N/A       100%        6
 Dispersal                Tloc           3%         N/A       100%        6
 Monstrous Menagerie      Summ           3%         N/A       100%        7
 Orb of Destruction       Conj           12%        9d7       100%        7
 Summon Hydra             Summ           3%         N/A       100%        7
 Disjunction              Tloc           3%         N/A       100%        8
 Maxwell's Capacitive Co  Air            3%         ∞         100%        8
 Chain Lightning          Conj/Air       7%         3d10      100%        9
 Dragon's Call            Summ           3%         N/A       100%        9
 Fire Storm               Conj/Fire      12%        8d3       100%        9
 Shatter                  Erth           3%         3d7*      100%        9
 Animate Armour           Summ/Erth      Unusable   N/A       N/A         4

Dungeon Overview and Level Annotations

Branches:
Dungeon (15/15)            Temple (1/1) D:4            Lair (5/5) D:10
  Swamp (4/4) Lair:3        Snake (4/4) Lair:2        Slime (0/5) Lair:4
    Orc (2/2) D:9             Elf (0/3) Orc:2        Vaults (5/5) D:13
  Crypt (0/3) Vaults:3     Depths (4/4) D:15            Zot (0/5) Depths:4
 Bailey (visited)

Altars:
Ashenzari
Cheibriados
Dithmenos
Elyvilon
Fedhas
Gozag
Hepliaklqana
Kikubaaqudgha
Makhleb
Nemelex Xobeh
Okawaru
Qazlal
Ru
Sif Muna
Trog
Uskayaw
Vehumet
Wu Jian
Xom
Yredelemnul
Zin
The Shining One

Shops:
D:2 (   D:4 (   D:6 !   D:10 (   D:15 =*!=(   Orc:2 *!=*   Snake:2 (!!*:
Snake:4 =   Depths:1 ?   Depths:2 [

Portals:
Hell: Depths:1 Depths:2 Depths:3 Depths:4
Abyss: Depths:2 Depths:3
Pandemonium: Depths:1 Depths:2
Ziggurat: Depths:4

Annotations:
Lair:3 3 runed translucent doors, Nefuv's ghost, journeyman MiBe
Lair:4 1 runed translucent door
Swamp:3 1 runed translucent door, Suryr's ghost, adept GnHW
Snake:3 2 transporters
Depths:2 1 runed translucent door


Innate Abilities, Weirdness & Mutations

You can breathe waves of freezing cold which knock back foes.
Your icy white scales are hard. (AC +11)
You cannot fit into any form of body armour.
Your flesh is cold resistant. (rC+)
You are cold-blooded and may be slowed by cold attacks.
You expend magic power (3 MP) to strengthen your wands.


Message History

Unknown command.
Unknown command.
As you read the scroll of teleportation {@r4}, it crumbles to dust.
You feel strangely unstable. The orc wizard closely misses you.
The frost giant points at you and mumbles some strange words.
The bolt of cold hits you!! You resist.
* * * LOW HITPOINT WARNING * * *
Unknown command.
Unknown command.
An orc comes into view. It is wielding a +0 trident.
A deep elf sorcerer comes into view. It is wielding a +0 dagger.
An orc comes into view. It is wielding a +2 mace of venom.
Unknown command.
Blink to where?
Press: ? - help, Dir - move target
As you read the scroll of blinking, it crumbles to dust.
Your surroundings suddenly seem different.
A tengu, a vault warden, a deep elf high priest and a vault sentinel come into view.
The deep elf high priest is wielding a +2 long sword of draining.
Found three items.
The shadow dragon breathes negative energy at you.
The bolt of negative energy misses you.
A fire giant comes into view.
It is wielding a +2 great sword of flaming.
The vault sentinel blows a loud note on a signal horn!
You hear a shout! x5
A sourceless malevolence fills the Vaults...
With a horrendous wail, an alarm goes off!
The mark upon you grows brighter.
You hear a shout! x10
The shadow dragon breathes negative energy at you.
The bolt of negative energy misses you.
The titan points at you and mumbles some strange words.
The bolt of lightning hits you!!
* * * LOW HITPOINT WARNING * * *
The vault warden unwields a +0 dire flail.
The vault warden wields a +0 arbalest.
The vault warden shoots a bolt.
The bolt completely misses you.
The deep elf high priest calls down the wrath of its god upon you.
Something smites you!
You die...

#######*********************
.......,,,,,,,,,,..,,,,.,,,*
.......,,,,,,,,,,.,,,,..,,,*
#################.,##.#.,,,*
.................,......,,,*
.....#.,#........#......*,,*
....#..*........#.......,,,*
...#.......e....@.......#..#
.)#........cD...........#.$#
.#........p..........#.....#
o..p..o.C#.C..C.....#...c..#
D.#.o.e.#...............#..#
.#.oo..#.Qe.............#e.#
......#...p...[.........#).#
...Lp#.[.p...}..#.....#.#C.#
.........:...p.#.....#.,#.D#


You could see a shadow dragon (catching breath), a titan, a stone giant, 2 vault
wardens, a yaktaur captain, a deep elf death mage, a vault sentinel (sheltered,
catching breath), a deep elf high priest and a tengu (sheltered).

Vanquished Creatures
  Mennas (Depths:3)
  Sojobo (Vaults:2)
  Vashnia (Snake:4)
  Margery (Vaults:4)
  2 caustic shrikes
  Jory (Depths:3)
  3 golden dragons
  2 bone dragons
  2 doom hounds (Depths:2)
  2 Tzitzimimeh (Depths:2)
  Jorgrun (Snake:1)
  4 liches
  Mlioglotl (Swamp:4)
  Grunn (Depths:2)
  5 tentacled monstrosities
  A quicksilver dragon (Depths:2)
  A titan (Depths:3)
  A walking earthen tome (Depths:3)
  A walking frostbound tome (Depths:3)
  5 tentacled starspawn (Abyss:2)
  Frances (Snake:1)
  6 sphinxes
  Gastronok (Lair:1)
  2 tengu reavers (Vaults:2)
  A revenant (Abyss:2)
  A storm dragon (Depths:4)
  3 shadow dragons
  Kirke (Snake:2)
  8 nagarajas
  A deep elf sorcerer (Vaults:2)
  A frost giant (Depths:4)
  12 fire giants
  A balrug (Depths:3)
  A ghost moth (Abyss:2)
  A draconian shifter (Depths:4)
  2 iron dragons
  17 vault wardens
  2 reapers (Depths:2)
  4 draconian stormcallers (Depths:4)
  Aizul (Snake:4)
  2 cacodemons
  15 ironbound preservers
  21 very ugly things
  4 war gargoyles
  3 spriggan defenders (Depths:2)
  9 ironbound thunderhulks
  A juggernaut skeleton (Depths:3)
  5 vampire knights
  A green draconian (Depths:4)
  9 stone giants
  An eleionoma (Swamp:1)
  A putrid mouth (Depths:2)
  A white draconian (Depths:4)
  4 bunyips
  A spark wasp (Depths:3)
  5 dire elephants
  2 yellow draconians (Depths:4)
  The ghost of Nattefrost the Basher, a journeyman AtFi of Uskayaw (Orc:2)
  Snorg (D:11)
  3 blizzard demons (Depths:3)
  A green death (Depths:3)
  2 deep elf death magi
  Josephine (Swamp:1)
  4 crystal guardians
  5 ettins
  A deep elf high priest (Vaults:1)
  10 fire dragons
  12 great orbs of eyes
  2 entropy weavers
  A jiangshi (Vaults:3)
  5 rakshasas
  9 yaktaur captains
  4 ice dragons
  2 ghost crabs
  15 vault guards
  4 peacekeepers
  13 hydras
  A hydra (shapeshifter) (D:14)
  5 ogre magi
  5 salamander tyrants
  10 centaur warriors
  8 ironbound frosthearts
  Erica (D:10)
  15 anacondas
  A merfolk avatar (Lair:5)
  A spriggan skeleton (Abyss:2)
  A death knight (D:13)
  5 spriggan air magi (Depths:2)
  16 two-headed ogres
  9 alligators
  2 deep troll earth magi
  2 boulder beetles
  3 deep troll shamans (Depths:3)
  25 naga warriors
  23 death yaks
  Urug (D:10)
  5 vampire magi
  2 tengu warriors (Depths:1)
  5 shock serpents
  A titan zombie (Depths:3)
  A shock serpent (shapeshifter) (Vaults:3)
  16 naga sharpshooters
  2 thrashing horrors (Abyss:2)
  31 hell knights
  22 spriggans
  A titan skeleton (Depths:3)
  5 spriggan berserkers
  4 soul eaters
  2 sun demons
  A wretched star (Abyss:2)
  Sonja (Lair:4)
  6 iron trolls
  3 skysharks (Lair:5)
  3 goliath frogs
  5 salamander mystics
  A sixfirhy (Abyss:2)
  A skeletal warrior (D:13)
  A golden dragon skeleton (Depths:3)
  43 deep trolls
  A flayed ghost (Depths:3)
  A sea snake (Lair:4)
  2 swamp dragons
  An obsidian statue (Depths:3)
  8 wizards
  3 bog bodies
  14 ironbound convokers
  5 spriggan druids
  An orange crystal statue (D:15)
  18 lindwurms
  4 glowing orange brains
  12 naga ritualists
  2 phantasmal warriors (Depths:3)
  3 harpies (Vaults:4)
  3 deep elf pyromancers (D:15)
  6 necromancers
  A wolf spider (D:14)
  A sphinx zombie (Vaults:4)
  2 large abominations (Abyss:2)
  34 ugly things
  A will-o-the-wisp (Abyss:2)
  22 salamanders
  9 mana vipers
  2 manticores
  A faun (shapeshifter) (Depths:2)
  2 worldbinders (Abyss:2)
  5 cyclopes
  An orc sorcerer (Orc:1)
  Maurice (D:8)
  2 elephants (Lair:5)
  11 guardian serpents
  A human skeleton (Vaults:4)
  An iron dragon skeleton (Depths:3)
  A rust devil (Abyss:2)
  46 black mambas
  15 vault sentinels
  20 naga magi
  A black mamba (shapeshifter) (D:13)
  4 smoke demons
  A catoblepas zombie (Abyss:2)
  2 gargoyles
  A yaktaur zombie (Vaults:4)
  A kobold demonologist (Bailey)
  2 unseen horrors
  Psyche (D:11)
  A freezing wraith (Abyss:2)
  An alligator snapping turtle zombie (Abyss:2)
  10 cane toads
  A torpor snail (Lair:5)
  5 rime drakes
  An efreet (D:13)
  5 komodo dragons
  An ice devil (Depths:1)
  23 yaktaurs
  2 tengu conjurers
  2 tormentors
  7 tyrant leeches
  5 trolls
  A meliai (shapeshifter) (D:14)
  22 hornets
  2 polar bears
  4 raiju (Abyss:2)
  A blink frog (shapeshifter) (D:11)
  7 blink frogs
  Grinder (D:3)
  A raiju (shapeshifter) (D:13)
  A snapping turtle (Lair:5)
  A flying skull (Abyss:2)
  6 water elementals
  22 slime creatures
  2 shadows
  2 wyverns
  A culicivora (Vaults:1)
  A deep troll skeleton (Vaults:4)
  15 wraiths
  10 humans
  40 yaks
  5 basilisks
  3 ynoxinuls
  2 chaos spawn (Abyss:2)
  3 redbacks (Vaults:2)
  A catoblepas simulacrum (Abyss:2)
  An elf skeleton (Vaults:4)
  2 neqoxecs
  5 steam dragons
  2 wargs
  14 swamp worms
  11 vampire mosquitoes
  59 nagas
  An acid dragon (D:12)
  8 water moccasins
  5 small abominations (Abyss:2)
  12 swamp drakes
  21 orc warriors
  An ice beast (D:7)
  A black bear (D:6)
  Duvessa (D:5)
  25 ogres
  3 sky beasts
  13 wolves
  4 boggarts (Vaults:2)
  10 centaurs
  2 kobold brigands
  A phantom (D:9)
  7 bullfrogs
  5 necrophages (D:5)
  A gnoll sergeant (D:9)
  2 scorpions (D:6)
  A water moccasin zombie (D:5)
  11 wights
  Dowan (D:5)
  5 troll zombies (D:9)
  11 killer bees
  A howler monkey (D:8)
  14 electric eels
  3 lava snakes
  A jelly (D:7)
  A human zombie (D:5)
  4 gnoll boudas
  8 orc priests
  4 hounds
  A sleepcap (D:8)
  7 iguanas
  14 orc wizards
  3 ogre zombies (D:9)
  A boggart simulacrum (D:14)
  A hound zombie (D:5)
  A howler monkey zombie (D:5)
  31 gnolls
  3 adders
  A shadow imp (D:7)
  3 white imps
  3 ufetubi
  A worm (D:4)
  3 dart slugs
  69 orcs
  5 endoplasms
  2 giant cockroaches (D:1)
  16 goblins
  20 hobgoblins
  5 quokkas
  5 ball pythons
  5 bats
  3 frilled lizards
  3 goblin skeletons (D:9)
  2 hobgoblin skeletons (D:9)
  2 hobgoblin zombies (D:9)
  15 kobolds
  3 orc skeletons (D:9)
  15 orc zombies (D:9)
  10 rats
  A starspawn tentacle (Abyss:2)
1611 creatures vanquished.

Vanquished Creatures (collateral kills)
  An orc sorcerer (Bailey)
1 creature vanquished.

Vanquished Creatures (others)
  Nikola (Snake:3)
  A swamp dragon (Swamp:4)
  6 humans
  2 nagas (Snake:4)
  A swamp drake (Swamp:4)
  A boggart (Vaults:2)
  A hornet simulacrum (D:15)
  An orc wizard (D:4)
  10 foxfires (Abyss:2)
  18 fungi
  29 plants
  5 starspawn tentacles (Abyss:2)
  4 toadstools (D:1)
  6 withered plants (D:4)
86 creatures vanquished.

Grand Total: 1698 creatures vanquished

Notes
Turn   | Place    | Note
-------+----------+-------------------------------------------
     0 | D:1      | sanka the Draconian Cinder Acolyte began the quest for the
                  | Orb.
     0 | D:1      | Reached XP level 1. HP: 19/19 MP: 2/2
   195 | D:1      | Reached XP level 2. HP: 26/26 MP: 4/4
   198 | D:1      | Learned a level 2 spell: Scorch
   282 | D:1      | Found a faded altar of an unknown god.
   294 | D:1      | Found a faded altar of an unknown god.
  1034 | D:2      | Reached XP level 3. HP: 26/31 MP: 3/6
  1448 | D:2      | Found Omummooc's Antique Weapon Emporium.
  1771 | D:3      | Reached XP level 4. HP: 38/38 MP: 2/7
  2231 | D:3      | Noticed Grinder
  2277 | D:3      | Paralysed by Grinder for 2 turns
  2296 | D:3      | Paralysed by Grinder for 5 turns
  2303 | D:3      | Killed Grinder
  2304 | D:3      | Reached skill level 5 in Fire Magic
  2304 | D:3      | Reached skill level 4 in Unarmed Combat
  2304 | D:3      | Reached XP level 5. HP: 16/47 MP: 4/8
  2304 | D:3      | Reached XP level 6. HP: 18/53 MP: 4/9
  2762 | D:4      | Found a staircase to the Ecumenical Temple.
  3026 | D:3      | Reached skill level 5 in Fighting
  3365 | Temple   | Entered the Ecumenical Temple
  3470 | D:4      | Reached skill level 5 in Unarmed Combat
  3608 | D:4      | Your scales start taking on an icy white colour.
  3608 | D:4      | Reached XP level 7. HP: 62/62 MP: 3/10
  3608 | D:4      | Gained mutation: Your flesh is cold resistant. (rC+) [White
                  | Draconian growth]
  3692 | D:4      | Found Nuarra's Weapon Emporium.
  3710 | D:4      | Found a blossoming altar of Fedhas.
  3712 | D:4      | Found an ancient bone altar of Kikubaaqudgha.
  3960 | D:4      | Found a broken altar of Ashenzari.
  4065 | D:5      | Entered Level 5 of the Dungeon
  4133 | D:2      | Bought an iridescent great mace for 264 gold pieces
  4133 | D:2      | Identified the +3 great mace "Dezet" {elec, rElec rC+++
                  | Str-5 Dex-5} (You bought it in a shop on level 2 of the
                  | Dungeon)
  4565 | D:5      | Reached skill level 6 in Unarmed Combat
  4798 | D:5      | Noticed Dowan
  4877 | D:5      | Noticed Duvessa
  4894 | D:5      | Killed Duvessa
  4980 | D:5      | Killed Dowan
  4981 | D:5      | Reached skill level 7 in Unarmed Combat
  5127 | D:5      | Reached XP level 8. HP: 62/70 MP: 1/11
  5275 | D:5      | Found a basalt altar of Yredelemnul.
  5321 | D:5      | Reached skill level 8 in Unarmed Combat
  5617 | D:5      | Reached skill level 9 in Unarmed Combat
  5976 | D:5      | Learned a level 7 spell: Dragon Form
  6208 | D:6      | Found Xezeygump's Distillery.
  6425 | D:6      | Reached skill level 10 in Unarmed Combat
  6499 | D:6      | Reached skill level 1 in Dodging
  6562 | D:6      | Reached XP level 9. HP: 73/78 MP: 1/12
  7277 | D:7      | Found a flagged portal.
  7370 | Bailey   | Entered a bailey
  8404 | Bailey   | Reached skill level 5 in Dodging
  8624 | Bailey   | Found an iron altar of Okawaru.
  8624 | Bailey   | Noticed a kobold demonologist
  8624 | Bailey   | Noticed an orc sorcerer
  8677 | Bailey   | Noticed an orange demon
  8688 | Bailey   | Paralysed by an orc sorcerer for 2 turns
  8694 | Bailey   | Killed an orc sorcerer
  9052 | Bailey   | Acquired a +2 pair of boots of stealth
  9059 | Bailey   | Acquired 1279 gold pieces
  9204 | Bailey   | Noticed a smoke demon
  9211 | Bailey   | Killed a kobold demonologist
  9212 | Bailey   | Reached XP level 10. HP: 68/88 MP: 1/13
  9445 | D:6      | Bought a potion of haste for 120 gold pieces
  9445 | D:6      | Bought a potion of heal wounds for 60 gold pieces
  9445 | D:6      | Bought a potion of might for 48 gold pieces
  9445 | D:6      | Bought a potion of resistance for 120 gold pieces
  9445 | D:6      | Bought a potion of attraction for 36 gold pieces
  9445 | D:6      | Bought a potion of curing for 36 gold pieces
 10600 | D:8      | Found a sparkling altar of Nemelex Xobeh.
 10744 | D:8      | Found a shadowy altar of Dithmenos.
 12009 | D:9      | Reached skill level 11 in Unarmed Combat
 12119 | D:9      | Reached skill level 12 in Unarmed Combat
 12388 | D:9      | Noticed Maurice
 12415 | D:9      | Paralysed by a hornet for 2 turns
 12649 | D:8      | Killed Maurice
 12650 | D:8      | Reached XP level 11. HP: 65/77 MP: 9/14
 12698 | D:9      | Found a staircase to the Orcish Mines.
 12965 | D:9      | Reached skill level 13 in Unarmed Combat
 13102 | D:9      | Found a glowing golden altar of the Shining One.
 13102 | D:9      | Found a white marble altar of Elyvilon.
 13102 | D:9      | Found a glowing silver altar of Zin.
 13177 | D:9      | Found an ornate altar of the Wu Jian Council.
 13334 | D:10     | Entered Level 10 of the Dungeon
 13334 | D:10     | Found a staircase to the Lair.
 13335 | D:10     | Found a hide-covered altar of Uskayaw.
 13611 | D:10     | Noticed Erica
 13633 | D:10     | Killed Erica
 14001 | D:10     | Noticed Urug
 14048 | D:10     | Killed Urug
 14049 | D:10     | Reached skill level 14 in Unarmed Combat
 14391 | D:10     | Found Atzo's Antique Weapon Shoppe.
 14594 | D:11     | Noticed Psyche
 14611 | D:11     | Killed Psyche
 14664 | D:11     | Noticed a cyan ugly thing
 14698 | D:11     | Killed a green ugly thing
 15398 | D:11     | Noticed a rakshasa
 15405 | D:11     | Noticed an ogre mage
 15504 | D:11     | Noticed a green ugly thing
 15504 | D:11     | Noticed a wizard
 15504 | D:11     | Noticed a fire dragon
 15504 | D:11     | Noticed a red ugly thing
 15688 | D:11     | Noticed Snorg
 15700 | D:11     | HP: 4/94 [Snorg (10)]
 15703 | D:11     | Killed Snorg
 15704 | D:11     | Reached skill level 15 in Unarmed Combat
 15704 | D:11     | Reached skill level 1 in Transmutations
 16078 | Lair:1   | Entered Level 1 of the Lair of Beasts
 16414 | Lair:1   | Noticed Gastronok
 16559 | Lair:1   | Killed Gastronok
 16560 | Lair:1   | Reached skill level 5 in Transmutations
 16560 | Lair:1   | Reached XP level 12. HP: 81/101 MP: 15/15
 17699 | Lair:2   | Learned a level 4 spell: Ice Form
 17717 | Lair:2   | You fall into a shaft and drop 1 floor!
 17765 | Lair:3   | Reached skill level 1 in Ice Magic
 18105 | Lair:2   | Found a staircase to the Snake Pit.
 18708 | Lair:3   | Noticed Nefuv's ghost (journeyman MiBe)
 18736 | Lair:3   | Found a staircase to the Swamp.
 18844 | Lair:3   | Noticed a catoblepas
 18845 | Lair:3   | Noticed a minotaur
 18861 | Lair:3   | Found a runed translucent gate.
 18861 | Lair:3   | Found a runed translucent gate.
 18861 | Lair:3   | Found a runed translucent gate.
 19533 | Lair:4   | Reached skill level 5 in Ice Magic
 19650 | Lair:4   | Noticed Sonja
 19661 | Lair:4   | Killed Sonja
 20085 | Lair:4   | Found a runed translucent door.
 20086 | Lair:4   | Found a staircase to the Slime Pits.
 20429 | Lair:5   | Entered Level 5 of the Lair of Beasts
 20544 | Lair:5   | Noticed a death yak
 20545 | Lair:5   | Noticed a death yak
 20592 | Lair:4   | Killed a death yak
 20657 | Lair:5   | Killed a death yak
 20696 | Lair:5   | Noticed a death yak
 20708 | Lair:4   | Reached skill level 10 in Transmutations
 20715 | Lair:5   | Killed a death yak
 20746 | Lair:5   | Noticed a death yak
 20746 | Lair:5   | Noticed a death yak
 20746 | Lair:5   | Noticed a death yak
 20747 | Lair:5   | Noticed a death yak
 20747 | Lair:5   | Noticed a death yak
 20747 | Lair:5   | Noticed a death yak
 20747 | Lair:5   | Noticed a death yak
 20747 | Lair:5   | Noticed a death yak
 20748 | Lair:5   | Noticed a death yak
 20770 | Lair:4   | Killed a death yak
 21099 | Lair:5   | Reached XP level 13. HP: 98/107 MP: 16/16
 23064 | Lair:5   | Identified the +11 trident of Calculation {drain, rCorr
                  | MP+9 Str-2 Int+2}
 23089 | Lair:5   | Reached skill level 15 in Transmutations
 23536 | Lair:5   | Reached XP level 14. HP: 86/115 MP: 19/19
 24808 | Orc:1    | Entered Level 1 of the Orcish Mines
 25035 | Orc:2    | Entered Level 2 of the Orcish Mines
 25063 | Orc:2    | Found a staircase to the Elven Halls.
 25488 | Orc:2    | Found a large runed translucent door.
 25489 | Orc:2    | Found a large runed translucent door.
 25512 | Orc:2    | Noticed Nattefrost's ghost (journeyman AtFi)
 25593 | Orc:2    | Reached skill level 5 in Spellcasting
 25599 | Orc:2    | Paralysed by an ogre mage for 5 turns
 25893 | Orc:2    | Found Guseiq's Assorted Antiques.
 25893 | Orc:2    | Found Jaimp's Distillery.
 25896 | Orc:2    | Found Rukhla's Jewellery Emporium.
 25896 | Orc:2    | Found Esuecwem's Assorted Antiques.
 26281 | Orc:2    | Gained mutation: You sometimes lose your temper in combat.
                  | [mutagenic glow]
 26305 | Orc:2    | Gained mutation: Your magical capacity is low. (-10% MP)
                  | [mutagenic glow]
 26399 | Orc:2    | Killed Nattefrost's ghost
 27286 | Orc:2    | Bought 2 potions of haste for 660 gold pieces
 27287 | Orc:2    | Bought a potion of haste for 140 gold pieces
 27287 | Orc:2    | Bought a potion of invisibility for 112 gold pieces
 27287 | Orc:2    | Bought a potion of lignification for 42 gold pieces
 27287 | Orc:2    | Bought a potion of heal wounds for 70 gold pieces
 27287 | Orc:2    | Bought 2 potions of heal wounds for 140 gold pieces
 27287 | Orc:2    | Bought a potion of berserk rage for 70 gold pieces
 27287 | Orc:2    | Bought 2 potions of degeneration for 28 gold pieces
 27393 | D:11     | Acquired 743 gold pieces
 27502 | Orc:2    | Bought a ring of see invisible for 225 gold pieces
 27873 | D:12     | Found an iron altar of Okawaru.
 28734 | D:13     | Found a gate to the Vaults.
 28814 | D:13     | Found a snail-covered altar of Cheibriados.
 28971 | D:13     | Reached XP level 15. HP: 121/121 MP: 16/20
 31040 | D:15     | Entered Level 15 of the Dungeon
 31040 | D:15     | Found Piagunic's Antique Weapon Shop.
 31040 | D:15     | Found Yfamats's Jewellery Boutique.
 31108 | D:15     | Reached skill level 16 in Unarmed Combat
 31266 | D:15     | Bought an amulet of faith for 480 gold pieces
 31266 | D:15     | Bought an amulet of the acrobat for 360 gold pieces
 31310 | D:15     | Found a runed translucent door.
 31519 | D:15     | Found a staircase to the Depths.
 31670 | D:15     | Found Ciluiwno's Jewellery Emporium.
 31678 | D:15     | Bought the ring of Moral Flaws {rCorr AC+4 Dex+5} for 591
                  | gold pieces
 31705 | D:15     | Found Uvuas's Distillery.
 31706 | D:15     | Found Bameqyphu's Assorted Antiques.
 31713 | D:15     | Bought a potion of haste for 170 gold pieces
 31713 | D:15     | Bought a potion of heal wounds for 85 gold pieces
 32601 | D:15     | Identified the staff of air "Orune" {rElec rPois rC- rN+++
                  | Str+2}
 32610 | D:15     | Identified the +2 demon whip "Runluluto" {drain, rC- Int+3
                  | Dex+7}
 32650 | D:15     | Bought a potion of resistance for 170 gold pieces
 32650 | D:15     | Bought 2 potions of resistance for 340 gold pieces
 32809 | Snake:1  | Entered Level 1 of the Snake Pit
 33187 | Snake:1  | Lost mutation: You sometimes lose your temper in combat.
                  | [potion of mutation]
 33187 | Snake:1  | Lost mutation: Your magical capacity is low. (-10% MP)
                  | [potion of mutation]
 33187 | Snake:1  | Gained mutation: You expend magic power (3 MP) to
                  | strengthen your wands. [potion of mutation]
 33203 | Snake:1  | Noticed Jorgrun
 33208 | Snake:1  | Killed Jorgrun
 33888 | Snake:1  | Noticed Frances
 33928 | Snake:1  | Killed Frances
 33929 | Snake:1  | Reached skill level 17 in Unarmed Combat
 33955 | Snake:1  | Found a radiant altar of Vehumet.
 33982 | Snake:1  | Reached XP level 16. HP: 128/128 MP: 23/23
 34622 | Snake:2  | Found Neuhobac's Weapon Boutique.
 35153 | Snake:2  | Found Aclaet's Distillery.
 35153 | Snake:2  | Found Ifasto's Distillery.
 35205 | Snake:2  | Found Rolisem's General Store.
 35260 | Snake:2  | Bought a potion of haste for 170 gold pieces
 35274 | Snake:2  | Found Rawo's Tiny Tomes.
 35863 | Snake:2  | Noticed Kirke
 35870 | Snake:2  | Killed Kirke
 36201 | Snake:2  | Reached skill level 18 in Unarmed Combat
 37718 | Snake:3  | Identified the amulet of the Dragon {Faith +Inv rElec rN+
                  | Dex+2}
 38147 | Snake:3  | Found a transporter.
 38218 | Snake:3  | Found a transporter.
 38557 | Snake:4  | Entered Level 4 of the Snake Pit
 39108 | Snake:4  | Reached skill level 10 in Fighting
 39234 | Snake:4  | Reached skill level 19 in Unarmed Combat
 39562 | Snake:2  | Bought the Tome of Teratogeny and Destruction for 216 gold
                  | pieces
 39568 | Snake:2  | Learned a level 5 spell: Irradiate
 39593 | Snake:4  | Noticed Aizul
 39600 | Snake:4  | Killed Aizul
 39725 | Snake:4  | Reached XP level 17. HP: 140/140 MP: 19/24
 39730 | Snake:4  | Reached skill level 1 in Conjurations
 39852 | Snake:4  | Found Tenwoix's Jewellery Shoppe.
 39895 | Snake:4  | Identified the +0 chain mail of Ethics {Fly Regen+}
 39902 | Snake:4  | Noticed Vashnia
 40058 | Snake:4  | Killed Vashnia
 40616 | Snake:4  | Noticed Nikola
 40670 | Snake:3  | Killed Nikola
 41270 | Snake:4  | Reached skill level 20 in Unarmed Combat
 42995 | Snake:4  | Got a serpentine rune of Zot
 43223 | Swamp:1  | Entered Level 1 of the Swamp
 43720 | Swamp:1  | Noticed Josephine
 43735 | Swamp:1  | Reached skill level 21 in Unarmed Combat
 43735 | Swamp:1  | Reached XP level 18. HP: 135/155 MP: 22/25
 43739 | Swamp:1  | Killed Josephine
 44682 | Abyss:2  | Cast into level 2 of the Abyss (a wizard)
 45146 | D:11     | Escaped the Abyss
 45644 | Swamp:2  | Reached skill level 22 in Unarmed Combat
 45688 | Swamp:2  | Identified the +7 trident "Kaclemat" {pain, Drain Will+
                  | Int+5 SInv}
 46364 | Swamp:3  | Found a runed translucent door.
 46364 | Swamp:3  | Found a shimmering altar of Xom.
 46364 | Swamp:3  | Noticed Suryr's ghost (adept GnHW)
 46365 | Swamp:3  | Identified the +11 lajatang of the Butterfly {chaos, rElec
                  | rF+ rC++ Str-4}
 46798 | Swamp:4  | Entered Level 4 of the Swamp
 46828 | Swamp:4  | Learned a level 5 spell: Blade Hands
 47391 | Swamp:4  | Noticed Mlioglotl
 47397 | Swamp:4  | Killed Mlioglotl
 47398 | Swamp:4  | Reached skill level 15 in Fighting
 48015 | Swamp:4  | Got a decaying rune of Zot
 48365 | Vaults:1 | Entered Level 1 of the Vaults
 48698 | Vaults:1 | Paralysed by a great orb of eyes for 3 turns
 48705 | Vaults:1 | Reached XP level 19. HP: 171/171 MP: 19/26
 48899 | Vaults:1 | Reached skill level 23 in Unarmed Combat
 48904 | Vaults:1 | Identified the +1 leather armour "Uczod" {rElec Int+4}
 50462 | Vaults:1 | Identified the +5 arbalest of Annihilation {flame, rF+ rC-
                  | Str+6 Stlth+}
 51039 | Vaults:2 | Noticed Sojobo
 51046 | Vaults:2 | Paralysed by an air elemental for 1 turns
 51053 | Vaults:2 | Paralysed by an air elemental for 1 turns
 51058 | Vaults:2 | Paralysed by an air elemental for 1 turns
 51622 | Vaults:2 | Paralysed by an air elemental for 1 turns
 51627 | Vaults:2 | Paralysed by an air elemental for 1 turns
 51640 | Vaults:2 | Killed Sojobo
 51864 | Vaults:2 | Reached skill level 24 in Unarmed Combat
 53015 | Vaults:2 | Identified the +6 ring mail "Roaxis Bowa" {Contam rN++
                  | rCorr Slay+3}
 53474 | Vaults:3 | Found a staircase to the Crypt.
 53482 | Vaults:3 | Reached XP level 20. HP: 189/189 MP: 27/27
 54404 | Vaults:3 | Reached skill level 25 in Unarmed Combat
 56611 | Vaults:4 | Identified the scarf of Beheit {harm, +Inv rF+ Will+}
 56689 | Vaults:4 | Noticed Margery
 56691 | Vaults:4 | Reached skill level 26 in Unarmed Combat
 56721 | Vaults:4 | Killed Margery
 57382 | Depths:1 | Entered Level 1 of the Depths
 57428 | Depths:1 | Reached XP level 21. HP: 169/202 MP: 25/28
 57890 | Depths:1 | Found a blossoming altar of Fedhas.
 57979 | Depths:1 | Found a one-way gate leading to the halls of Pandemonium.
 58075 | Depths:1 | Found Xefeteull's Magic Scroll Emporium.
 58089 | Depths:1 | Bought a scroll of blinking for 105 gold pieces
 58089 | Depths:1 | Bought a scroll of teleportation for 42 gold pieces
 58089 | Depths:1 | Acquired 805 gold pieces
 58484 | Depths:1 | Found a gateway to Hell.
 58944 | Depths:2 | Noticed Grunn
 58953 | Depths:2 | Killed Grunn
 60193 | Depths:2 | Reached skill level 27 in Unarmed Combat
 60280 | Depths:2 | Found Tajifa's Antique Armour Shoppe.
 60554 | Depths:2 | Noticed a caustic shrike
 60558 | Depths:2 | Killed a caustic shrike
 60905 | Depths:2 | Found a runed translucent door.
 61154 | Depths:2 | Found a one-way gate to the infinite horrors of the Abyss.
 61183 | Depths:2 | Found a runed translucent door.
 61183 | Depths:2 | Found a runed translucent door.
 61183 | Depths:2 | Noticed a golden dragon
 61192 | Depths:2 | Killed a golden dragon
 61373 | Depths:1 | Identified the +0 quarterstaff of the Past {drain, Str+4
                  | Dex+5}
 61880 | Depths:3 | Noticed a golden dragon
 61884 | Depths:3 | Killed a golden dragon
 62046 | Depths:3 | Noticed Jory
 62085 | Depths:3 | Got the Codex of Underground Combat Magic
 62235 | Depths:3 | Noticed Mennas
 62242 | Depths:3 | Reached XP level 22. HP: 220/220 MP: 23/29
 62252 | Depths:3 | Killed Mennas
 63195 | Depths:3 | You fall into a shaft and drop 1 floor!
 63195 | Depths:4 | Entered Level 4 of the Depths
 63198 | Depths:4 | Noticed a golden dragon
 63223 | Depths:4 | Killed a golden dragon
 63289 | Depths:4 | Learned a level 2 spell: Passwall
 63292 | Depths:4 | Learned a level 2 spell: Wereblood
 63297 | Depths:4 | Learned a level 4 spell: Petrify
 63503 | Depths:4 | Found a gate to the Realm of Zot.
 63697 | Depths:4 | Found a one-way gateway to a ziggurat.
 63909 | Depths:4 | Found an ornate altar of the Wu Jian Council.
 64964 | Depths:3 | Killed Jory
 65479 | Depths:3 | Noticed a caustic shrike
 65489 | Depths:3 | Killed a caustic shrike
 65597 | Depths:3 | Found the +9 sword of Power {lifebolt}
 65610 | Depths:3 | Identified the +8 glaive "Qiedox" {venom, Int+3}
 65861 | D:15     | Bought a potion of resistance for 170 gold pieces
 65861 | D:15     | Bought a potion of magic for 136 gold pieces
 65943 | Depths:2 | Bought a runed scarf for 288 gold pieces
 66189 | Vaults:5 | Entered Level 5 of the Vaults
 66264 | Vaults:5 | Noticed an ancient lich
 66271 | Vaults:5 | HP: 4/223 [titan/bolt of lightning (26)]
 66271 | Vaults:5 | Killed from afar by a deep elf high priest

Illustrated notes

Levels and vault maps discovered:
D:1:      ldierk_walled_garden_2, layout_basic,
          hellmonk_ecumenical_altar_the_god_not_taken, minmay_misc_feat_iff,
          kennysheep_nondescript
D:2:      layout_rooms, serial_shops, shop, corexii_item_surrounded_by_moat
D:3:      layout_basic, uniq_grinder
D:4:      layout_rooms, grunt_temple_overflow_growth_and_decay,
          nicolae_ashenzari_skybound, minmay_temple_entry_glass, serial_shops,
          kennysheep_mini_moat, grunt_decor_mini_mirrors
D:5:      layout_rooms, lemuel_mausoleum_altar_yredelemnul, st_stairs_11,
          uniq_duvessa
D:6:      layout_basic, serial_shops, shop
D:7:      layout_basic, enter_bailey_2
D:8:      layout_loops_ring, nemelex_xobeh_ov_fountains_minmay,
          grunt_dithmenos_smoke
D:9:      layout_loops_ring, dreamdust_divine_triumvirate,
          mainiacjoe_overflow_chevrons, zombieorc2_lemuel, uniq_maurice
D:10:     layout_irregular_city, eat_drink_and_be_merry_uskayaw,
          lair_entry_dummy, serial_shops, nicolae_shop_overgrown_old_shop,
          uniq_erica, uniq_urug
D:11:     layout_loops_cross, minivault_12, uniq_snorg, uniq_psyche
D:12:     layout_basic, okawaru_humans
D:13:     layout_loops_cross, ximxim_vaults_locker_room, chei_slow_surprise
D:14:     layout_basic, minmay_misc_feat_plants, minmay_between
D:15:     hangedman_depths_entry_civil_slaughter, layout_cave_pools,
          serial_shops, nicolae_shop_peninsula, shop, shop, shop, shop,
          minmay_crystal_box
Temple:   minmay_freezing_vapour_temple
Lair:1:   layout_small_grid, grunt_megastairs_4, uniq_gastronok
Lair:2:   dreamdust_cave_troll, layout_long_grid,
          nicolae_snake_entry_warm_welcome, lemuel_fruit_tree
Lair:3:   layout_cave_pods, swamp_mist, maelrawn_ghost_gauntlet_escape
Lair:4:   layout_long_grid, slime_entry_2, cheibrodos_lair_caveside_slide,
          infiniplex_staircase_pool, uniq_sonja
Lair:5:   gammafunk_lair_ancient_temple, layout_regular_city
Swamp:1:  layout_falls_marsh, evilmike_swamp_ruin_house_2, uniq_josephine
Swamp:2:  layout_falls_marsh, nicolae_swamp_small_spring
Swamp:3:  layout_falls_marsh, ebering_ghost_xom, serial_swamp_ruin,
          evilmike_swamp_ruin_house_6, hangedman_swamp_ruin_wall
Swamp:4:  swamp_fiery, layout_basic_swamp, swamp_pool5, uniq_mlioglotl
Snake:1:  nicolae_snake_crotalidae_crossing, layout_chambers, basic_altar,
          uniq_jorgrun, uniq_frances
Snake:2:  layout_onion, nicolae_shop_i_like_small_books_too, minmay_shoptagon,
          nicolae_triple_integral, uniq_kirke
Snake:3:  gammafunk_the_bubble [the_bubble_gammafunk_split], layout_cave_town,
          grunt_ministairs_6
Snake:4:  grunt_snake_rune_serpentine_throne, layout_chambers, serial_shops,
          shop, uniq_vashnia, uniq_aizul, uniq_nikola
Orc:1:    layout_diamond_mine
Orc:2:    st_orc_ogre_mass, layout_diamond_mine, ebering_ghost_disaster_area
Vaults:1: vaults_dpeg_diagonal, v_misc_14, nicolae_vaults_turnstiles,
          nicolae_vaults_diagonal_hallway_7, nicolae_vaults_yaktaur_gun_rack,
          st_lattice, vaults_dpeg_ring, layout_vaults_omnigrid
Vaults:2: nicolae_vaults_offset_grid_hallway_2, nicolae_vaults_network_square,
          dpeg_vaults_monster_row, v_misc_17, dpeg_vaults_monster_box,
          nicolae_vaults_angled_halls, v_pattern_3,
          nicolae_vaults_network_periphery, nicolae_vaults_an_arrangement,
          nicolae_vaults_big_ls, nicolae_vaults_little_squares_5,
          nicolae_vaults_little_squares_1, layout_vaults_omnibox, uniq_sojobo
Vaults:3: hangedman_vaults_pinch, nicolae_vaults_heart-shaped_vault,
          nicolae_vaults_angled_halls, nicolae_vaults_sightless_eye,
          vaults_mumra_bighexcomb, vaults_standard_mumra_lines,
          nicolae_vaults_shelves_hall, v_alt_pattern_3, grunt_vaults_swirl,
          minmay_crypt_entry_simple_round, ontoclasm_vaults_decontamination,
          v_misc_31, vaults_dpeg_emergency_exit, nicolae_vaults_trapezoid_2,
          layout_vaults_maze_bifur
Vaults:4: nicolae_vaults_tetromino_Z_2, v_misc_19, v_misc_23,
          nicolae_vaults_windows_and_doors_thing,
          nicolae_vaults_sesquioval_fish, ontoclasm_vaults_twist,
          nicolae_vaults_asterisk, nicolae_vaults_diamond_2,
          vaults_dpeg_encased_lava, v_misc_10, v_misc_29, v_misc_15,
          nicolae_vaults_diagonal_hallway_7, layout_vaults_omnicross,
          uniq_margery
Vaults:5
Depths:1: layout_honeycomb, grunt_hell_entry_dis_grunt, rand_demon_pan_entry_1,
          fedhas_altar_4, minmay_shop_star, firewood_loft
Depths:2: minmay_the_grid_four_pointed_star_mashed
          [minmay_the_grid_triangle_9x9_descending_squares,
          minmay_the_grid_triangle_9x9_subtriangle,
          minmay_the_grid_triangle_9x9_limited_checkers,
          minmay_the_grid_triangle_9x9_tough_junction,
          minmay_the_grid_prize_inner_circle], layout_honeycomb,
          hangedman_tar_grid_catacomb, abyss_entry_small_statue_room, pan_entry,
          serial_shops, shop, skrybe_limestone_x, glass_columns_a, uniq_grunn
Depths:3: kennysheep_water_balloons, layout_basic,
          grunt_hell_entry_demonic_statue, hangedman_abyss_entry_splay,
          dk_noncrumbling_3, nrook_campfire, dispersion_dpeg,
          infiniplex_staircase_zigzag_3, uniq_mennas, uniq_jory
Depths:4: evilmike_zot_entry_argh, layout_cave_shapes, enter_ziggurat_a,
          nicolae_concentric_dashed_squares_wild, hell_entry,
          nzn_wu_jian_contemplation

Skill      XL: |  1  2  3  4  5  6  7  8  9 10 11 12 13 14 15 16 17 18 19 20 21 22 |
---------------+-------------------------------------------------------------------+-----
Spellcasting   | 2 3 5 |  5.0
Fire Magic     | 4 5 4 |  4.1
Fighting       | 4 5 6 8 10 12 15 18 20 23 26 | 26.1
Unarmed Combat | 4 5 7 10 12 15 17 19 21 22 24 26 27 | 27.0
Dodging        | 1 6 8 |  8.0
Transmutations | 5 11 15 18 19 20 | 20.0
Ice Magic      | 5 |  5.0
Conjurations   | 4 |  4.0

Action                     |  1- 3 |  4- 6 |  7- 9 | 10-12 | 13-15 | 16-18 | 19-21 | 22-24 || total
---------------------------+-------+-------+-------+-------+-------+-------+-------+-------++-------
  Melee: Unarmed           |   132 |    80 |   219 |   964 |   776 |   855 |   811 |   220 ||  4057
         Tailslap          |    10 |     3 |    29 |   121 |    99 |   140 |   151 |    48 ||   601
         Punch             |     3 |     2 |    10 |    74 |    42 |   127 |   164 |    47 ||   469
         Bite              |       |       |       |       |    55 |   114 |   108 |    26 ||   303
   Cast: Scorch            |     5 |    40 |   167 |    75 |       |       |       |       ||   287
         Ice Form          |       |       |       |     7 |    23 |       |       |       ||    30
         Dragon Form       |       |       |       |       |    46 |    89 |    70 |    21 ||   226
         Blade Hands       |       |       |       |       |       |       |       |     2 ||     2
 Invoke: Fiery Armour      |       |       |       |     4 |     1 |     1 |       |       ||     6
Ability: Breathe Frost     |       |       |     2 |     6 |       |     2 |     1 |       ||    11
  Evoke: Wand              |       |       |     3 |     1 |     1 |     1 |       |     1 ||     7
    Use: Potion            |       |     2 |     1 |     2 |     3 |     2 |     4 |     6 ||    20
         Scroll            |       |       |     9 |    11 |     4 |     4 |     3 |     5 ||    36
   Stab: Sleeping          |       |       |     1 |     6 |     1 |     1 |     2 |       ||    11
         Distracted        |       |       |       |     1 |       |       |       |       ||     1
         Confused          |       |       |       |       |       |     1 |       |       ||     1
 Armour: Skin              |    34 |    34 |   136 |   525 |   348 |   418 |   347 |    92 ||  1934
  Dodge: Dodged            |    84 |    54 |   173 |   675 |   348 |   555 |   481 |   124 ||  2494
